 Dungeon Crawl Stone Soup version 0.20-a0-386-g2d247ea (webtiles) character file.

447 AlphabetPasta the Sneak (level 6, -7/47 HPs)
             Began as a Mummy Assassin on Dec 29, 2016.
             Was an Initiate of Gozag.
             Mangled by Edmund
             ... wielding a +2 flail of protection
              (10 damage)
             ... on level 4 of the Dungeon.
             The game lasted 00:25:50 (4349 turns).

AlphabetPasta the Sneak (Mummy Assassin)            Turns: 4349, Time: 00:25:51

Health: -7/47      AC:  6    Str: 14    XL:     6   Next: 73%
Magic:  6/6        EV: 18    Int: 10    God:    Gozag
Gold:   180        SH:  0    Dex: 21    Spells: 5/5 levels left

rFire  . . .     SeeInvis .     a - +3 dagger
rCold  + . .     Gourm    .     c - +0 robe
rNeg   + + +     Faith    .     (no shield)
rPois  ∞         Spirit   .     g - +2 helmet
rElec  .         Reflect  .     d - +0 cloak
rCorr  .         Harm     .     (no gloves)
MR     +....                    (no boots)
Stlth  ++++......               (no amulet)
                                o - ring of protection from magic
                                f - ring of protection from fire

@: agile, very slightly contaminated
A: no food or potions, fire vulnerability, cold resistance 1, negative energy
resistance 3, torment resistance, unbreathing
a: Potion Petition, Call Merchant, Bribe Branch, Renounce Religion


You were on level 4 of the Dungeon.
You worshipped Gozag.
Gozag was aware of your devotion.
You were not hungry.

You visited 2 branches of the dungeon, and saw 5 of its levels.

You collected 246 gold pieces.
You paid 66 gold pieces to Gozag.

Inventory:

Hand Weapons
 a - a +3 dagger (weapon)
 b - a +0 blowgun
Armour
 c - a +0 robe (worn)
 d - a +0 cloak (worn)
 g - a +2 helmet (worn)
 n - a +1 helmet
 q - a +0 large shield
Jewellery
 f - a ring of protection from fire (left hand)
 h - an uncursed ring of protection from cold
 o - a ring of protection from magic (right hand)
Scrolls
 i - 2 scrolls of enchant weapon
 j - 5 scrolls of identify
 k - a scroll of enchant armour
 l - a scroll of amnesia
 m - a scroll of remove curse
 p - a scroll of teleportation


   Skills:
 + Level 3.0 Fighting
 * Level 3.3 Short Blades
 + Level 2.6 Throwing
 + Level 2.0 Dodging
 * Level 5.0 Stealth
 + Level 0.4 Shields


You had 5 spell levels left.
You didn't know any spells.

Dungeon Overview and Level Annotations

Branches:
Dungeon (4/15)             Temple (1/1) D:4

Altars:
Ashenzari
Cheibriados
Elyvilon
Gozag
Hepliaklqana
Kikubaaqudgha
Makhleb
Okawaru
Qazlal
Ru
Trog
Vehumet
Xom
Yredelemnul
Zin
The Shining One

Annotations:
D:4 Edmund


Innate Abilities, Weirdness & Mutations

You do not eat or drink.
Your flesh is vulnerable to fire.
You are immune to poison.
Your flesh is cold resistant. (rC+)
You are immune to negative energy. (rN+++)
You are immune to unholy pain and torment.
You can survive without breathing.


Message History

You barely miss Edmund.
Edmund is almost dead.
You feel yourself slow down.
You hit Edmund.
Edmund is almost dead.
Edmund hits you with a flail of protection.
* * * LOW HITPOINT WARNING * * *
You hit Edmund.
Edmund is almost dead.
Edmund closely misses you.
You hit Edmund but do no damage.
Edmund is almost dead.
You hit Edmund but do no damage.
Edmund is almost dead.
Edmund misses you.
You hit Edmund but do no damage.
Edmund is almost dead.
Edmund hits you with a flail of protection!
You die...
Your body crumbles into a pile of gold.

#### ...# #..### ##...#
#..#.###############
...#...............###
...###.....###.......###
##.##.......#((@@......#
#.......(..(.########.#
##.#....(.....#[#...
#.##########
...#..........#....
#...........
.####.......#.#...#
#..####.#### .##
##.....##.#...# #.......####
..#
##...###.#...####..####.....
#.#####...#...#...#≈≈#..#
######
#.#.<@............#..#..#


You could see Edmund.

Vanquished Creatures
  2 ogres
  An orc priest (D:3)
  Jessica (D:3)
  Ijyb (D:3)
  Terence (D:3)
  An orc wizard (D:4)
  A worker ant (D:4)
  2 adders
  An ooze (D:3)
  3 dart slugs
  4 worms
  4 leopard geckos
  7 orcs
  A ball python (D:4)
  7 giant cockroaches
  7 goblins
  8 hobgoblins
  4 jackals (D:4)
  2 bats (D:1)
  6 frilled lizards
  10 kobolds
  10 rats
84 creatures vanquished.

Notes
Turn   | Place    | Note
-------+----------+-------------------------------------------
     0 | D:1      | AlphabetPasta the Mummy Assassin began the quest for the Orb.
     0 | D:1      | Reached XP level 1. HP: 16/16 MP: 1/1
   218 | D:1      | Reached XP level 2. HP: 22/22 MP: 2/2
   325 | D:1      | Reached skill level 1 in Dodging
   762 | D:1      | Reached XP level 3. HP: 26/27 MP: 3/3
  1052 | D:2      | Found a hazy altar of Hepliaklqana.
  1440 | D:2      | Reached skill level 4 in Stealth
  1656 | D:3      | Noticed Ijyb
  1678 | D:3      | Killed Ijyb
  1678 | D:3      | Reached XP level 4. HP: 18/33 MP: 4/4
  1990 | D:3      | Noticed Terence
  1990 | D:3      | Noticed an ogre
  1991 | D:3      | Noticed Jessica
  2052 | D:3      | Killed Terence
  2054 | D:3      | Killed Jessica
  2054 | D:3      | Reached XP level 5. HP: 26/39 MP: 5/5
  2646 | D:3      | Killed an ogre
  2688 | D:3      | Reached XP level 6. HP: 27/46 MP: 6/6
  3729 | D:4      | Noticed Edmund
  4009 | D:4      | Found a staircase to the Ecumenical Temple.
  4015 | Temple   | Entered the Ecumenical Temple
  4122 | Temple   | Became a worshipper of Gozag Ym Sagoz the Greedy
  4160 | D:4      | Reached skill level 5 in Stealth
  4349 | D:4      | Mangled by Edmund

Vault maps used:
D:1:      dpeg_arrival_water_altar, minmay_tetromino_s4
D:2:      lemuel_tele_altar
D:3:      uniq_terence, uniq_jessica, uniq_iyjb
D:4:      lemuel_upstairs_altar, sigmund_edmund_badplayer
Temple:   nicolae_temple_elliptical

Skill      XL: |  1  2  3  4  5  6 |
---------------+-------------------+-----
Dodging        | 1 2 |  2.0
Stealth        | 4 5 |  5.0
Short Blades   | 2 3 |  3.3
Throwing       | 2 |  2.6
Fighting       | 3 |  3.0
Shields        | |  0.4

Action                   |  1- 3 |  4- 6 || total
-------------------------+-------+-------++-------
Melee: Dagger            |   143 |   232 ||   375
 Fire: Blowgun           |       |    39 ||    39
Invok: Potion Petition   |       |     1 ||     1
  Use: Scroll            |    10 |     2 ||    12
 Stab: Sleeping          |     7 |     9 ||    16
       Distracted        |     1 |       ||     1
Armor: Robe              |    29 |    34 ||    63
Dodge: Dodged            |    55 |    75 ||   130
